 Dungeon Crawl Stone Soup version 0.29.1-15-g9cfb28693d (webtiles) character file.

Game seed: 10696348507424027598

7192 BuddhaDhamma the Severer (level 10, 0/77 HPs)
             Began as a Minotaur Berserker on Mar 6, 2023.
             Was a High Priest of Trog.
             Succumbed to a meliai's poison
             ... on level 10 of the Dungeon.
             The game lasted 00:16:03 (9372 turns).

BuddhaDhamma the Severer (Minotaur Berserker)       Turns: 9372, Time: 00:16:03

Health: 0/77       AC: 27    Str: 33 (35) XL:     10   Next: 87%
Magic:  5/9        EV:  6    Int:  2 (4)  God:    Trog [*****.]
Gold:   452        SH:  0    Dex: 14 (17) Spells: 9/9 levels left

rFire   . . .      SeeInvis +   z - +1 battleaxe (vorpal)
rCold   . . .      Faith    .   (shield currently unavailable)
rNeg    . . .      Spirit   +   u - +9 crystal plate armour of Qapnucs {Str+4}
rPois   .          Reflect  .   j - +1 hat {SInv}
rElec   .          Harm     .   d - +1 cloak
rCorr   .          Rampage  .   (no gloves)
Will    .....                   (no boots)
Stlth   ..........              e - amulet of guardian spirit
HPRegen 0.22/turn               k - +6 ring of dexterity
MPRegen 0.11/turn               f - +6 ring of strength

@: lethally poisoned (0 -> -42)
A: horns 2, retaliatory headbutt
a: Renounce Religion, Berserk, Trog's Hand, Brothers in Arms


You were on level 10 of the Dungeon.
You worshipped Trog.
Trog was extremely pleased with you.
You visited 1 branch of the dungeon, and saw 10 of its levels.

You collected 452 gold pieces.

Inventory:

Hand Weapons
 z - a +1 vorpal battleaxe (weapon)
Missiles
 v - a throwing net (quivered)
Armour
 d - a +1 cloak (worn)
 j - a +1 hat of see invisible (worn)
 u - the +9 crystal plate armour of Qapnucs (worn) {Str+4}
   (You acquired it on level 7 of the Dungeon)

   Str:       It affects your strength (+4).
Jewellery
 e - an amulet of guardian spirit (around neck)
 f - a +6 ring of strength (right hand)
 i - a ring of poison resistance
 k - a +6 ring of dexterity (left hand)
 s - a ring of flight
Wands
 h - a wand of roots (16)
 l - a wand of flame (14)
 y - a wand of polymorph (9)
Scrolls
 n - 2 scrolls of teleportation
 q - 2 scrolls of blinking
 w - a scroll of enchant armour
Potions
 a - a potion of degeneration
 b - a potion of haste
 c - 2 potions of attraction {unknown}
 g - 2 potions of berserk rage {unknown}
 m - 2 potions of cancellation {unknown}
 o - 4 potions of lignification
 p - 4 potions of flight
 r - 4 potions of curing {unknown}
 x - a potion of resistance {unknown}


   Skills:
 - Level 3.6 Fighting
 + Level 19.5 Axes
 - Level 2.4 Armour
 - Level 2.1 Dodging


You had 9 spell levels left.
You didn't know any spells.
Your spell library was empty.

Dungeon Overview and Level Annotations

Branches:
Dungeon (10/15)            Temple (0/1) D:5             Orc (0/2) D:9
   Lair: D:8-11

Altars:
Dithmenos
Uskayaw

Shops:
D:1 *


Innate Abilities, Weirdness & Mutations

You have a pair of horns on your head.
You reflexively headbutt those who attack you in melee.


Message History

Trog accepts your kill.
You feel sick. The meliai hits you but does no damage.
You are more poisoned.
The meliai stings you but does no damage.
You slash the meliai!
The meliai is severely wounded.
You feel sick.
The meliai hits you with a +0 hand axe of venom!
You are lethally poisoned!
The meliai stings you but does no damage.
The meliai hits you but does no damage.
You are more poisoned.
The meliai completely misses you.
You closely miss the meliai.
The meliai is severely wounded.
You feel extremely sick. The meliai hits you but does no damage.
You are more poisoned.
The meliai stings you but does no damage.
The wolf stops to sniff the water.
You closely miss the meliai. Your headbutt misses the meliai.
The meliai is severely wounded.
* * * LOW HITPOINT WARNING * * *
You feel extremely sick.
The meliai hits you with a +0 hand axe of venom.
* * * LOW HITPOINT WARNING * * *
You are more poisoned.
The meliai stings you but does no damage.
A troll comes into view.
The meliai barely misses you.
The meliai stings you but does no damage.
You slash the meliai!
You kill the meliai!
Trog accepts your kill.
* * * LOW HITPOINT WARNING * * *
You feel extremely sick.
It was a potion of degeneration.
There was something very wrong with that liquid.
You feel weakened.
You feel dopey.
You feel clumsy.
You die...

## #### #. ...
#.. ... #.. ..
#... .#
#...##.#
#......#
#...)@.#
#....)h+
#.....h..
#....~~.hh.≈
#.....~..~h≈~~
+.....~≈≈≈~~≈≈
#...~~~≈≈≈~.≈≈
#$....~~≈..~T.


You could see a troll, 3 wolves and 2 hounds.

Vanquished Creatures
  A manticore (D:7)
  A gargoyle (D:7)
  A kobold demonologist (D:9)
  3 meliai (D:10)
  9 yaks
  A wyvern (D:8)
  Eustachio (D:5)
  2 steam dragons (D:7)
  Menkaure (D:4)
  2 sky beasts
  3 ice beasts
  A black bear (D:8)
  2 ogres (D:6)
  6 centaurs
  A kobold brigand (D:8)
  3 necrophages (D:6)
  4 bullfrogs
  2 scorpions (D:4)
  A gnoll sergeant (D:9)
  10 wights
  3 howler monkeys (D:8)
  5 hounds
  3 jellies
  Crazy Yiuf (D:2)
  4 orc priests
  Jessica (D:2)
  5 iguanas
  14 orc wizards
  Robin (D:2)
  3 gnolls (D:9)
  8 adders
  2 worms
  A dart slug (D:2)
  28 orcs
  5 bats
  6 endoplasms
  4 giant cockroaches
  13 goblins
  16 hobgoblins
  4 jackals
  5 quokkas
  7 ball pythons
  A frilled lizard (D:1)
  12 kobolds
  24 rats
231 creatures vanquished.

Vanquished Creatures (others)
  6 demonic plants (D:2)
  A fungus (D:2)
  A plant (D:2)
  2 withered plants (D:2)
10 creatures vanquished.

Grand Total: 241 creatures vanquished

Notes
Turn   | Place    | Note
-------+----------+-------------------------------------------
     0 | D:1      | BuddhaDhamma the Minotaur Berserker began the quest for the
                  | Orb.
     0 | D:1      | Reached XP level 1. HP: 19/19 MP: 0/0
    35 | D:1      | Found Teniadex's Assorted Antiques.
   142 | D:1      | Reached skill level 4 in Axes
   365 | D:1      | Reached XP level 2. HP: 26/26 MP: 1/1
   806 | D:1      | Reached skill level 5 in Axes
  1015 | D:2      | Found a faded altar of an unknown god.
  1022 | D:2      | Reached XP level 3. HP: 31/31 MP: 2/2
  1077 | D:2      | Reached ** piety under Trog
  1171 | D:2      | Noticed Jessica
  1174 | D:2      | Noticed Robin
  1178 | D:2      | Killed Jessica
  1181 | D:2      | Reached XP level 4. HP: 39/39 MP: 3/3
  1183 | D:2      | Reached skill level 6 in Axes
  1185 | D:2      | Killed Robin
  1299 | D:2      | Found a runed translucent door.
  1300 | D:2      | Noticed Crazy Yiuf
  1307 | D:2      | Killed Crazy Yiuf
  1308 | D:2      | Identified the +2 hammer of Ibecot {vorpal, Dex+5}
  1775 | D:2      | Found a hide-covered altar of Uskayaw.
  2042 | D:3      | Reached XP level 5. HP: 45/45 MP: 4/4
  2054 | D:3      | Reached skill level 7 in Axes
  2331 | D:3      | Reached *** piety under Trog
  2892 | D:4      | Noticed Menkaure
  2898 | D:4      | Killed Menkaure
  2899 | D:4      | Reached skill level 8 in Axes
  2899 | D:4      | Reached XP level 6. HP: 46/51 MP: 2/5
  3021 | D:4      | Reached **** piety under Trog
  3120 | D:4      | Reached skill level 9 in Axes
  3311 | D:5      | Entered Level 5 of the Dungeon
  3324 | D:5      | Reached XP level 7. HP: 56/57 MP: 6/6
  3370 | D:5      | Found a staircase to the Ecumenical Temple.
  3511 | D:5      | Found a shadowy altar of Dithmenos.
  3558 | D:5      | Noticed Eustachio
  3571 | D:5      | Killed Eustachio
  3572 | D:5      | Reached skill level 10 in Axes
  3796 | D:5      | Reached skill level 11 in Axes
  4515 | D:6      | Reached XP level 8. HP: 55/64 MP: 5/7
  4781 | D:6      | Reached skill level 12 in Axes
  4851 | D:6      | Reached skill level 13 in Axes
  4862 | D:6      | Reached ***** piety under Trog
  5289 | D:6      | Reached skill level 14 in Axes
  5503 | D:6      | Reached XP level 9. HP: 47/70 MP: 5/8
  6251 | D:7      | Reached skill level 15 in Axes
  6291 | D:7      | Noticed a manticore
  6297 | D:7      | Killed a manticore
  6322 | D:7      | Reached skill level 16 in Axes
  6731 | D:7      | Noticed a gargoyle
  6744 | D:7      | Killed a gargoyle
  6982 | D:7      | Reached skill level 17 in Axes
  6984 | D:7      | Reached XP level 10. HP: 65/77 MP: 6/9
  7647 | D:7      | Identified a scroll of acquirement
  7647 | D:7      | Acquired the +9 crystal plate armour of Qapnucs {Str+4}
  8207 | D:8      | Reached skill level 18 in Axes
  8623 | D:9      | Received a gift from Trog
  9056 | D:9      | Reached skill level 19 in Axes
  9342 | D:9      | Found a staircase to the Orcish Mines.
  9362 | D:10     | Entered Level 10 of the Dungeon
  9372 | D:10     | Succumbed to a meliai's poison

Illustrated notes

Levels and vault maps discovered:
D:1:      amcnicky_arrival_feature_with_door, layout_basic, serial_shops, shop,
          roderic_serpentine_path, st_stairs_1
D:2:      layout_basic, basic_altar, shapermc_ecumenical_altar_gd,
          uniq_crazy_yiuf_cottage, uniq_jessica, uniq_robin
D:3:      layout_basic, minmay_rat_hole
D:4:      layout_gridville, corexii_hall_statues_x, uniq_menkaure
D:5:      layout_loops_cross, mainiacjoe_overflow_24_doors,
          minmay_temple_entry_junction, uniq_eustachio
D:6:      layout_loops_corners, minmay_misc_feat_room, chequers_mini_garden
D:7:      layout_basic
D:8:      layout_basic
D:9:      layout_cave_pools, orc_0_dummy
D:10:     layout_gridville, nicolae_wu_jian_immortal_techniques,
          erik_lair_island, centaur_isle

Skill      XL: |  1  2  3  4  5  6  7  8  9 10 |
---------------+-------------------------------+-----
Axes           | 4 5 6 8 9 11 14 17 19 | 19.5
Fighting       | |  3.6
Armour         | |  2.4
Dodging        | |  2.1

Action                   |  1- 3 |  4- 6 |  7- 9 | 10-12 || total
-------------------------+-------+-------+-------+-------++-------
Melee: Hand axe          |    50 |   122 |   136 |       ||   308
       Headbutt          |     7 |     7 |    38 |    27 ||    79
       Punch             |       |     2 |     4 |     1 ||     7
       War axe           |       |       |    46 |    91 ||   137
       Battleaxe         |       |       |       |    37 ||    37
Invok: Berserk           |     1 |     2 |     4 |       ||     7
  Use: Scroll            |       |    11 |     1 |     4 ||    16
       Potion            |       |       |       |     1 ||     1
Armor: Animal skin       |     6 |       |       |       ||     6
       Ring mail         |    11 |    22 |    23 |       ||    56
       Plate armour      |       |       |    45 |     4 ||    49
       Crystal plate arm |       |       |       |   106 ||   106
Dodge: Dodged            |    31 |    42 |    67 |    51 ||   191
